 Dungeon Crawl Stone Soup version 0.29.0-15-g675c0067aa (webtiles) character file.

Game seed: 13821507002437146117

14 qw the Sneak (level 2, -2/19 HPs)
             Began as a Gargoyle Delver on Sept 11, 2022.
             Slain by Robin
             ... wielding a +1 whip of venom
              (3 damage)
             ... on level 4 of the Dungeon.
             The game lasted 00:00:10 (582 turns).

qw the Sneak (Gargoyle Delver)                       Turns: 582, Time: 00:00:11

Health: -2/19      AC:  5    Str: 15    XL:     2   Next: 45%
Magic:  2/2        EV: 11    Int: 10    God:
Gold:   49         SH:  0    Dex: 11    Spells: 1/1 levels left

rFire   . . .      SeeInvis .   Y - +0 hand axe
rCold   . . .      Faith    .   (no shield)
rNeg    + . .      Spirit   .   b - +0 leather armour
rPois   inf        Reflect  .   (no helmet)
rElec   +          Harm     .   (no cloak)
rCorr   .          Rampage  .   (no gloves)
Will    .....                   (no boots)
Stlth   +++.......              (no amulet)
HPRegen 0.06/turn               (no ring)
MPRegen 0.08/turn               (no ring)

@: no status effects
A: sickness immunity, AC +2, negative energy resistance 1, electricity
resistance, torment resistance 1, petrification resistance
a: no special abilities


You were on level 4 of the Dungeon.
You visited 1 branch of the dungeon, and saw 2 of its levels.

You collected 49 gold pieces.


Innate Abilities, Weirdness & Mutations

You are immune to sickness and miasma.
Your stone body is resilient. (AC +2)
You are immune to poison.
You resist negative energy. (rN+)
You are resistant to electric shocks. (rElec)
You are resistant to unholy torment.
You are immune to petrification.


   Skills:
 - Level 3.2 Fighting
 + Level 2.7 Axes
 - Level 1.5 Dodging
 - Level 5.4 Stealth


You had one spell level left.
You didn't know any spells.
Your spell library was empty.

Inventory:

Hand Weapons
 a - a +0 club
 Y - a +0 hand axe (weapon)
Armour
 b - a +0 leather armour (worn)
Wands
 g - a wand of digging (3)
Potions
 c - a potion of invisibility {unknown}
 d - a potion of berserk rage {unknown}
 f - a potion of haste

Dungeon Overview and Level Annotations

Branches:
Dungeon (5/15)
 Temple: D:4-7

Altars:

Annotations:
D:4 Robin


Message History

You slash the goblin!
You kill the goblin!
You hear a shout! x3
You hit the goblin.
The goblin is heavily wounded.
The goblin hits you but does no damage.
You hit the goblin but do no damage.
The goblin is heavily wounded.
You hear the quick rusting of a drain nearby.
The goblin closely misses you.
You miss the goblin.
The goblin is heavily wounded.
You barely miss the goblin. The goblin barely misses you.
The goblin misses you.
Robin roars a battlecry!
The goblins go into a battle-frenzy!
You hear a shout!
You hit the goblin.
You kill the goblin!
You barely miss the goblin.
Robin says, "A pitiful Gargoyle like you will never find the ORB!"
Robin throws the goblin at you!
You hit the goblin.
The goblin is severely wounded.
You barely miss the goblin. The goblin hits you with a +0 club.
The goblin misses you.
You hit the goblin but do no damage.
The goblin is severely wounded.
You hit Robin but do no damage. You closely miss the goblin.
The goblin hits you with a +0 club. x3; Robin hits you but does no damage.
The goblin barely misses you.
You barely miss the goblin.
The goblin is severely wounded.
You hit Robin but do no damage. You hit the goblin.
The goblin hits you with a +0 club. x2; Robin hits you with a +1 whip of venom.
You hit the goblin.
You kill the goblin!
You hit Robin but do no damage. You hit the goblin.
The goblin closely misses you. Robin hits you with a +1 whip of venom.
You die...

## ##.. B## .. . ....
ggg###. #. ...# g.g....
...## ####..## g......
.....###......#
.gg....##.....#......##
..g..g..# ##..........#
##g###..##........
#@).##..##........
##g##...#.........
##.................
#..................
#++####............
#............
#.....##.....
#..........##
+.......##...


You could see Robin and a goblin (strong).

Vanquished Creatures
  3 dart slugs
  3 goblins (D:4)
  A hobgoblin (D:4)
  A quokka (D:4)
  A kobold (D:4)
9 creatures vanquished.

Notes
Turn   | Place    | Note
-------+----------+-------------------------------------------
     0 | D:5      | qw the Gargoyle Delver began the quest for the Orb.
     0 | D:5      | Reached XP level 1. HP: 14/14 MP: 1/1
     0 | D:5      | 0 ||| qw: Version: 0.1-a-118-gb4e7ce6
     0 | D:5      | 0 ||| qw: Game counter: 10287
     0 | D:5      | 0 ||| qw: Always use a shield: true
     0 | D:5      | 0 ||| qw: God list: Okawaru
     0 | D:5      | 0 ||| qw: Allow faded altars: false
     0 | D:5      | 0 ||| qw: Do Orc after D:15 true
     0 | D:5      | 0 ||| qw: Do second Lair branch before Depths: true
     0 | D:5      | 0 ||| qw: Lair rune preference: random
     0 | D:5      | 0 ||| qw: Plans: Normal
     0 | D:5      | 0 ||| PLANNING D:1-11
    60 | D:5      | 60 ||| READING scroll labelled ABRIQA VACAEC.
    61 | D:5      | 61 ||| DROPPING scroll of fog.
    62 | D:5      | 62 ||| DROPPING scroll of magic mapping.
    63 | D:5      | 63 ||| DROPPING scroll of fear.
    74 | D:4      | 74 ||| PLANNING SEWER
   291 | D:4      | Reached XP level 2. HP: 19/19 MP: 2/2
   303 | D:4      | 303 ||| Stepping ~*~*~tactically~*~*~ (hiding).
   405 | D:4      | 405 ||| Stepping ~*~*~tactically~*~*~ (hiding).
   568 | D:4      | Noticed Robin
   569 | D:4      | 569 ||| Stepping ~*~*~tactically~*~*~ (stealth).
   571 | D:4      | 571 ||| Stepping ~*~*~tactically~*~*~ (stealth).
   573 | D:4      | 573 ||| Stepping ~*~*~tactically~*~*~ (hiding).
   581 | D:4      | HP: 4/19 [goblin/+0 club[Robin] (4)]
   581 | D:4      | HP: 1/19 [Robin/+1 whip of venom (1)]
   582 | D:4      | Slain by Robin

Levels and vault maps discovered:
D:4:      layout_cave_pools, cheibrodos_sewer_entry_drain,
          kennysheep_generic_room_4, uniq_robin
D:5:      layout_basic, minmay_temple_entry_grid, serial_bayou_ford_a

Skill      XL: |  1 |
---------------+----+-----
Axes           | 2 |  2.7
Fighting       | |  3.2
Dodging        | |  1.5
Stealth        | |  5.4

Action                   || total
-------------------------++-------
Melee: Hand axe          ||    34
       Punch             ||     1
  Use: Scroll            ||     1
 Stab: Sleeping          ||     1
Armor: Leather armour    ||     9
Dodge: Dodged            ||    14

Table legend:
 A = Non-vault XP
 B = Vault XP
 C = Vault XP percentage of total XP
 D = Non-vault monster count
 E = Vault monster count
 F = Vault count percentage of total count
                 A         B        C        D         E       F
            +---------+---------+-------+---------+---------+-------
      Total |      17 |       5 |  22.7 |       6 |       3 |  33.3
            +---------+---------+-------+---------+---------+-------
        D:4 |      13 |       5 |  27.8 |       5 |       3 |  37.5
        D:5 |       4 |       0 |   0.0 |       1 |       0 |   0.0
            +---------+---------+-------+---------+---------+-------
